 Dungeon Crawl Stone Soup version 0.29.1-13-g9f3cf754e1 (webtiles) character file.

Game seed: 2081964150496289197

7 KyoPewz the Scratcher (level 1, -1/9 HPs)
             Began as a Felid Transmuter on Feb 10, 2023.
             Slain by a kobold
             ... wielding a +0 whip of venom
              (3 damage)
             ... on level 1 of the Dungeon.
             The game lasted 00:01:55 (210 turns).

KyoPewz the Scratcher (Felid Transmuter)             Turns: 210, Time: 00:01:56

Health: -1/9       AC:  1    Str:  6    XL:     1   Next: 91%
Magic:  3/4        EV: 17    Int: 14    God:
Gold:   0          SH:  0    Dex: 16    Spells: 3/4 levels left
                                        Lives:  0   Deaths: 0

rFire   . . .      SeeInvis +     - Unarmed
rCold   . . .      Faith    .   (shield unavailable)
rNeg    . . .      Spirit   .   (body armour unavailable)
rPois   .          Reflect  .   (helmet unavailable)
rElec   .          Harm     .   (cloak unavailable)
rCorr   .          Rampage  .   (gloves unavailable)
Will    .....                   (boots unavailable)
Stlth   +.........              (no amulet)
HPRegen 0.03/turn               (no ring)
MPRegen 0.09/turn               (no ring)

@: appendages, quick
A: horns 2, very small, claws 1, fangs 3, see invisible, speed 1, shaggy fur 1,
stealthy paws, no weapons or thrown items, no armour, multi-lived
a: End Transformation


You were on level 1 of the Dungeon.
You had temporarily grown beastly horns.
You visited 1 branch of the dungeon, and saw 1 of its levels.

Inventory:

Scrolls
 b - a scroll of vulnerability {unknown}
Potions
 a - a potion of lignification


   Skills:
 - Level 1.0 Fighting
 - Level 2.7 Dodging
 + Level 3.5 Unarmed Combat
 - Level 2.0 Spellcasting
 - Level 2.2 Transmutations


You had 3 spell levels left.
You knew the following spells:

 Your Spells              Type           Power      Damage    Failure   Level
a - Beastly Appendage     Tmut           14%        N/A       10%         1

Your spell library contained the following spells:

 Spells                   Type           Power      Damage    Failure   Level
 Wereblood                Tmut           7%         N/A       14%         2
 Spider Form              Tmut/Pois      4%         N/A       41%         3
 Ice Form                 Ice/Tmut       4%         N/A       83%         4


Dungeon Overview and Level Annotations

Branches:
Dungeon (1/15)

Altars:


Innate Abilities, Weirdness & Mutations

You have temporarily grown beastly horns.
You have sharp claws.
You have razor-sharp teeth.
You have supernaturally acute eyesight. (SInv)
You cover ground quickly. (Speed+)
You are covered in fur. (AC +1)
Your paws help you pounce on unaware monsters.
You are incapable of wielding weapons or throwing items.
You cannot wear armour.
You gain extra lives every three experience levels.


Message History

The kobold shouts!
You scratch the dart slug.
The dart slug is severely wounded.
The kobold throws a stone.
The stone misses you. The dart slug barely misses you.
Casting: Beastly Appendage (safe; 10% risk of failure)
Confirm with . or Enter, or press ? or * to list all spells.
You grow a pair of large bovine horns.
The dart slug launches a dart at you. The slug dart misses you.
The dart slug bites you.
You scratch the dart slug.
You kill the dart slug!
Your transformation is almost over.
Press: ? - help, v - describe, . - travel, g - get item
Here: a kobold, wielding a +0 whip of venom and quivering stones Item here: 5 stones.
The floor.
There is an open door here.
You close the door.
A kobold opens the door.
The kobold throws a stone.
The stone closely misses you.
Your horns disappear.
There is a fountain of clear blue water here.
There is an open door here.
There is an open door here.
You see here a +0 leather armour.
You start resting.
A kobold is nearby!
Casting: Beastly Appendage (safe; 10% risk of failure)
Confirm with . or Enter, or press ? or * to list all spells.
You grow a pair of large bovine horns.
You miss the kobold.
The kobold hits you with a +0 whip of venom.
Ouch! That really hurt!
* * * LOW HITPOINT WARNING * * *
You scratch the kobold. You claw the kobold, but do no damage.
The kobold is severely wounded.
The kobold hits you with a +0 whip of venom.
You die...

..<......'.'......⌠..K...'.......
.......###'###.........###...#...
#...####.....####...####.........
#####......#....#####.......)....
..........##...........K......
.#......#..##[...#.#..†..###.#
####..###.###..###....### #.
##.########.# ####(# # ..
...#.@K.# .... ######.#.##.#(.
..### #>..............#
#...#.#..#)####.. #...#......# ..
#....#...### #. ..........'
....... ...# ........ ....


You could see a kobold.

Vanquished Creatures
  2 dart slugs (D:1)
  A ball python (D:1)
  2 rats (D:1)
5 creatures vanquished.

Notes
Turn   | Place    | Note
-------+----------+-------------------------------------------
     0 | D:1      | KyoPewz the Felid Transmuter began the quest for the Orb.
     0 | D:1      | Reached XP level 1. HP: 9/9 MP: 4/4
   210 | D:1      | Slain by a kobold

Illustrated notes

Levels and vault maps discovered:
D:1:      elethiomel_arrival_infinity_welcomes_careful_drivers, layout_basic

Action                   || total
-------------------------++-------
Melee: Unarmed           ||    13
       Headbutt          ||     1
       Punch             ||     1
       Bite              ||     1
 Cast: Beastly Appendage ||     4
Dodge: Dodged            ||    11
